 Dungeon Crawl Stone Soup version 0.20.1-1-g8b1a95d (webtiles) character file.

45 CaptainFoxie the Cudgeler (level 3, 0/36 HPs)
             Began as a Troll Berserker on Nov 8, 2017.
             Was a Believer of Trog.
             Slain by an adder (3 damage)
             ... on level 2 of the Dungeon.
             The game lasted 00:06:39 (898 turns).

CaptainFoxie the Cudgeler (Troll Berserker)          Turns: 898, Time: 00:06:40

Health: 0/36       AC:  5    Str: 26    XL:     3   Next: 42%
Magic:  2/2        EV: 10    Int:  3    God:    Trog [**....]
Gold:   19         SH:  0    Dex:  9    Spells: 2/2 levels left

rFire    + . .     SeeInvis .   e - +0 spear
rCold    x . .     Gourm    +   (no shield)
rNeg     . . .     Faith    .   b - +0 animal skin
rPois    .         Spirit   .   (helmet restricted)
rElec    .         Reflect  .   (no cloak)
rCorr    .         Harm     .   (gloves unavailable)
MR       .....                  (boots unavailable)
Stlth    +.........             (no amulet)
Regen    0.6/turn               f - ring of fire
MPRegen  0.1/turn               (no ring)

@: lethally poisoned (0 -> -2), about to teleport
A: unfitting armour, claws 3, fast metabolism 3, gourmand, regeneration 1,
shaggy fur 1, tough skin 2
a: Berserk, Trog's Hand, Burn Spellbooks, Renounce Religion


You were on level 2 of the Dungeon.
You worshipped Trog.
Trog was pleased with you.
You were not hungry.

You visited 1 branch of the dungeon, and saw 2 of its levels.

You collected 19 gold pieces.

Inventory:

Hand Weapons
 e - a +0 spear (weapon)
Armour
 b - a +0 animal skin (worn)
Jewellery
 f - a ring of fire (left claw)
Comestibles
 a - a fruit
 c - 2 bread rations
 d - a royal jelly


   Skills:
 + Level 2.8 Fighting
   Level 3.0 Maces & Flails
 + Level 0.5 Polearms
 + Level 2.9 Dodging


You had 2 spell levels left.
You didn't know any spells.

Dungeon Overview and Level Annotations

Branches:
Dungeon (2/15)

Altars:
Fedhas
The Shining One


Innate Abilities, Weirdness & Mutations

You are too large for most types of armour.
You have claws for hands.
Your metabolism is lightning-fast.
You like to eat raw meat.
Your natural rate of healing is unusually fast.
You are covered in fur. (AC +1)
You have very tough skin. (AC +2)


Message History

You feel sick. The adder bites you. The adder bites you but does no damage.
You closely miss the adder.
The adder is heavily wounded.
You feel sick. The adder bites you but does no damage. The adder bites you.
* * * LOW HITPOINT WARNING * * *
You barely miss the adder.
The adder is heavily wounded.
You feel sick. The adder bites you but does no damage.
The adder closely misses you. The adder bites you.
* * * LOW HITPOINT WARNING * * *
The adder closely misses you.
As you read the scroll of teleportation, it crumbles to dust.
You feel strangely unstable.
You feel sick. The adder barely misses you. The adder bites you.
* * * LOW HITPOINT WARNING * * *
* * * LOW HITPOINT WARNING * * *
You feel sick.
* * * LOW HITPOINT WARNING * * *
You feel sick. The adder bites you.
You die...

###'######.....#
#.......##.....#
#.......##.#####
#.......##.######
####.......##......#
...........#######.####
.....#+##### #......#
.....# #......# .....#
#@.....# .....#
#SS....# .....#
#......# .....#
#K.....# #......
........#+#### #......
#........ #.........
#..........
#.......#...


You could see 2 adders and a kobold.

Vanquished Creatures
  An ooze (D:1)
  A leopard gecko (D:1)
  4 bats
  A giant cockroach (D:1)
  5 hobgoblins
  6 jackals
  4 kobolds (D:1)
  2 ball pythons (D:1)
  A frilled lizard (D:1)
  5 goblins
  5 rats
35 creatures vanquished.

Notes
Turn   | Place    | Note
-------+----------+-------------------------------------------
     0 | D:1      | CaptainFoxie the Troll Berserker began the quest for the Orb.
     0 | D:1      | Reached XP level 1. HP: 22/22 MP: 0/0
   111 | D:1      | Reached XP level 2. HP: 25/29 MP: 1/1
   153 | D:1      | Reached skill level 3 in Maces & Flails
   426 | D:1      | Reached ** piety under Trog
   439 | D:1      | Reached XP level 3. HP: 33/36 MP: 2/2
   748 | D:2      | Found a glowing golden altar of the Shining One.
   748 | D:2      | Found a blossoming altar of Fedhas.
   898 | D:2      | Slain by an adder

Skill      XL: |  1  2 |
---------------+-------+-----
Maces & Flails | 3 |  3.0
Fighting       | |  2.8
Polearms       | |  0.5
Dodging        | |  2.9

Action                   || total
-------------------------++-------
Melee: Mace              ||    52
       Spear             ||   103
  Use: Scroll            ||     3
       Potion            ||     2
  Eat: Bread ration      ||     1
       Royal jelly       ||     1
Armor: Animal skin       ||   111
Dodge: Dodged            ||   138
